 Dungeon Crawl Stone Soup version 0.29-a0-1008-g949cc1d0fb (webtiles) character file.

Game seed: 2996747110062382291

2279 concernfroge the Fighter (level 9, -15/78 HPs)
             Began as a Mummy Monk on Aug 7, 2022.
             Killed from afar by a steam dragon (21 damage)
             ... with a ball of steam
             ... on level 6 of the Dungeon.
             The game lasted 00:25:57 (7201 turns).

concernfroge the Fighter (Mummy Monk)               Turns: 7201, Time: 00:25:58

Health: -15/78     AC: 11    Str: 18    XL:     9   Next: 16%
Magic:  9/9        EV:  5    Int:  9    God:
Gold:   773        SH:  9    Dex: 15    Spells: 8/8 levels left

rFire   x . .      SeeInvis .   b - +0 broad axe
rCold   + . .      Faith    .   j - +2 kite shield
rNeg    + + +      Spirit   .   i - +0 chain mail
rPois   ∞          Reflect  .   k - +0 helmet
rElec   .          Harm     .   v - +0 cloak
rCorr   .          Rampage  .   u - +0 pair of gloves
Will    +....                   (no boots)
Stlth   ..........              m - amulet of regeneration
HPRegen 1.03/turn               (no ring)
MPRegen 0.11/turn               (no ring)

@: no status effects
A: cold resistance 1, negative energy resistance 3, torment resistance 2, heat
vulnerability 1, in touch with death 1, no potions
a: no special abilities


You were on level 6 of the Dungeon.
You visited 1 branch of the dungeon, and saw 6 of its levels.

You collected 773 gold pieces.

Inventory:

Hand Weapons
 b - a +0 broad axe (weapon)
 l - a +0 trident
Missiles
 d - 8 poisoned darts
 p - an atropa-tipped dart (quivered)
Armour
 i - a +0 chain mail (worn)
 j - a +2 kite shield (worn)
 k - a +0 helmet (worn)
 u - a +0 pair of gloves (worn)
 v - a +0 cloak (worn)
Jewellery
 m - an amulet of regeneration (around neck)
Wands
 r - a wand of flame (40)
Scrolls
 c - 2 scrolls of amnesia
 e - 2 scrolls of teleportation
 f - a scroll of blinking
 g - 2 scrolls of magic mapping
 h - a scroll of poison
 n - a scroll of immolation
 o - a scroll of noise {unknown}
 q - a scroll of enchant weapon {unknown}


   Skills:
 - Level 10.0 Fighting
 + Level 7.0 Polearms
 - Level 2.4 Dodging
 - Level 1.5 Stealth


You had 8 spell levels left.
You didn't know any spells.
Your spell library contained the following spells:

 Spells                   Type           Power      Damage    Failure   Level
 Ensorcelled Hibernation  Hex/Ice        0%         N/A       100%        2
 Anguish                  Hex/Necr       0%         N/A       100%        4
 Dispersal                Tloc           0%         N/A       100%        6
 Disjunction              Tloc           0%         N/A       100%        8
 Spider Form              Tmut/Pois      Unusable   N/A       N/A         3

Dungeon Overview and Level Annotations

Branches:
Dungeon (6/15)
 Temple: D:4-7

Altars:
Ashenzari
Hepliaklqana
Kikubaaqudgha
Nemelex Xobeh
Uskayaw
Yredelemnul

Shops:
D:3 (![?   D:4 *

Annotations:
D:3 Ijyb


Innate Abilities, Weirdness & Mutations

You are immune to poison.
Your flesh is cold resistant. (rC+)
You are immune to negative energy. (rN+++)
You are immune to unholy pain and torment.
You are vulnerable to heat. (rF-)
You are in touch with the powers of death.
You do not drink.


Message History

You throw an atropa-tipped dart.
The atropa-tipped dart barely misses the steam dragon.
You throw an atropa-tipped dart.
The atropa-tipped dart hits the steam dragon.
The steam dragon appears confused.
You hit the steam dragon but do no damage.
The steam dragon seems less confused.
The steam dragon bites you. You block the steam dragon's attack.
The steam dragon breathes steam at you. The ball of steam hits you!
The steam scalds you terribly!
You hit the steam dragon but do no damage.
You are engulfed in a cloud of scalding steam.
The steam dragon bites you.
The steam dragon claws you but does no damage.
You catch the helpless steam dragon completely off-guard!
You hit the steam dragon.
The steam dragon is lightly wounded.
You are engulfed in a cloud of scalding steam.
The steam dragon is no longer blind.
You block the steam dragon's attack.
The steam dragon claws you but does no damage.
You block the steam dragon's attack.
The steam dragon claws you but does no damage.
You slash the steam dragon!
The steam dragon is severely wounded.
You block the steam dragon's attack.
The steam dragon claws you but does no damage.
The steam dragon bites you but does no damage.
The steam dragon claws you but does no damage.
You closely miss the steam dragon.
The steam dragon is severely wounded.
The steam dragon breathes steam at you. The ball of steam hits you!!
The steam scalds you terribly!
* * * LOW HITPOINT WARNING * * *
You hit the steam dragon.
The steam dragon is almost dead.
You are engulfed in a cloud of scalding steam.
* * * LOW HITPOINT WARNING * * *
The steam dragon breathes steam at you. The ball of steam hits you!!
The steam scalds you terribly!
You die...

..#.# #.#####.#...........#
..#.# #............#†###..#
..#.#################.#.# #..#
..#.........[......##.#.###..#
..'..............#.##.#......#
..################.##.#####.###
..'................##.........#
..#############################
.........(....(D@§§..........#
############################.#
###.#.......# #.# #..........>#
#.# #.#.#.#####.###########.#
#.#.#.# #....."......##.#
#.#'#'###.#..........##.#
#......##.#############.#
#......##.............#.#


You could see a steam dragon (catching breath).

Vanquished Creatures
  Grinder (D:3)
  A water moccasin (D:6)
  2 ice beasts
  2 ogres
  4 phantoms
  Blork the orc (D:4)
  A bullfrog (D:6)
  2 necrophages (D:4)
  A scorpion (D:4)
  4 wights
  A bullfrog zombie (D:5)
  7 hounds
  Crazy Yiuf (D:6)
  3 iguanas (D:6)
  3 jellies (D:6)
  2 orc wizards
  A scorpion zombie (D:5)
  6 gnolls
  12 adders
  A shadow imp (D:6)
  An ufetubus (D:5)
  2 worms (D:3)
  3 dart slugs
  9 orcs
  5 endoplasms
  4 giant cockroaches
  10 goblins
  12 hobgoblins
  3 jackals (D:4)
  5 quokkas
  7 ball pythons
  4 bats
  3 frilled lizards
  10 kobolds
  7 rats
141 creatures vanquished.

Vanquished Creatures (others)
  A plant (D:4)
1 creature vanquished.

Grand Total: 142 creatures vanquished

Notes
Turn   | Place    | Note
-------+----------+-------------------------------------------
     0 | D:1      | concernfroge the Mummy Monk began the quest for the Orb.
     0 | D:1      | Reached XP level 1. HP: 18/18 MP: 1/1
   106 | D:1      | Reached XP level 2. HP: 20/24 MP: 2/2
   251 | D:1      | Found a faded altar of an unknown god.
   764 | D:1      | Reached skill level 4 in Fighting
  1118 | D:2      | Gained mutation: You are in touch with the powers of death.
                  | [Mummy growth]
  1118 | D:2      | Reached XP level 3. HP: 29/30 MP: 3/3
  1542 | D:2      | Reached skill level 5 in Fighting
  1542 | D:2      | Reached XP level 4. HP: 17/39 MP: 4/4
  2506 | D:3      | Found Lonneics's Magic Scroll Shop.
  2755 | D:3      | Noticed Ijyb
  3054 | D:3      | Found Qugaxu's Antique Armour Boutique.
  3188 | D:3      | Reached XP level 5. HP: 41/46 MP: 5/5
  3282 | D:3      | Found Soiqiv's Distillery.
  3331 | D:3      | Noticed Grinder
  3335 | D:3      | Paralysed by Grinder for 2 turns
  3346 | D:3      | Killed Grinder
  3347 | D:3      | Reached skill level 7 in Fighting
  3347 | D:3      | Reached XP level 6. HP: 27/55 MP: 6/6
  3472 | D:3      | Found Kanaxenk's Weapon Shoppe.
  3957 | D:4      | Found an ancient bone altar of Kikubaaqudgha.
  3957 | D:4      | Found a hide-covered altar of Uskayaw.
  3957 | D:4      | Found a broken altar of Ashenzari.
  3981 | D:4      | Found a hazy altar of Hepliaklqana.
  4055 | D:4      | Reached skill level 8 in Fighting
  4055 | D:4      | Reached XP level 7. HP: 57/62 MP: 7/7
  4064 | D:4      | Noticed Blork the orc
  4127 | D:4      | You fall into a shaft and drop 1 floor!
  4127 | D:5      | Entered Level 5 of the Dungeon
  4172 | D:4      | Found Noan Uriw's Gadget Gallery.
  4251 | D:4      | Killed Blork the orc
  4430 | D:4      | Reached skill level 9 in Fighting
  4747 | D:5      | Reached XP level 8. HP: 72/72 MP: 8/8
  4793 | D:5      | Reached skill level 10 in Fighting
  4931 | D:5      | Found a basalt altar of Yredelemnul.
  5091 | D:5      | Found a sparkling altar of Nemelex Xobeh.
  6374 | D:6      | Found a runed translucent door.
  6375 | D:6      | Noticed Crazy Yiuf
  6469 | D:6      | Reached skill level 5 in Polearms
  6613 | D:6      | Killed Crazy Yiuf
  6915 | D:6      | Reached XP level 9. HP: 78/78 MP: 9/9
  7201 | D:6      | Killed from afar by a steam dragon

Illustrated notes

Levels and vault maps discovered:
D:1:      heliophobic_arrival_ceremonial_halls, layout_loops_ring,
          nicolae_ecumenical_snake_handling
D:2:      minmay_chambers_of_twos, layout_basic, serial_glass, glass_columns_c,
          glass_columns_a, glass_columns_b, glass_columns_a, glass_columns_b,
          glass_columns_b, glass_columns_a, glass_columns_b, glass_columns_b,
          glass_columns_a, glass_columns_b, glass_columns_a, glass_columns_a,
          glass_columns_c
D:3:      layout_loops_corners, serial_shops, shop, shop, nicolae_shop_trees,
          nicolae_diamond_shop, minmay_fractal_squares_5, uniq_ijyb,
          uniq_grinder
D:4:      layout_loops_ring, mainiacjoe_overflow_cross_hatched,
          gammafunk_temple_overflow_forgotten, grunt_ministairs_2, st_stairs_13,
          dk_vineyard_1, corexii_hall_statues_x, nicolae_shop_gadgets,
          uniq_blork_the_orc
D:5:      layout_gridville, nemelex_dance_club_becter,
          lemuel_zombie_altar_yredelemnul
D:6:      minmay_polygon_palace, layout_basic, uniq_crazy_yiuf_cottage

Skill      XL: |  1  2  3  4  5  6  7  8  9 |
---------------+----------------------------+-----
Fighting       | 4 5 7 8 9 10 | 10.0
Polearms       | 6 7 |  7.0
Dodging        | |  2.4
Stealth        | |  1.5

Action                   |  1- 3 |  4- 6 |  7- 9 || total
-------------------------+-------+-------+-------++-------
Melee: Spear             |   142 |    20 |       ||   162
       Punch             |     1 |       |       ||     1
       Broad axe         |       |   126 |   242 ||   368
       Trident           |       |    12 |       ||    12
 Fire: Arbalest          |       |    24 |       ||    24
Throw: Dart              |     7 |    16 |    40 ||    63
  Use: Scroll            |       |     1 |    14 ||    15
 Stab: Sleeping          |     2 |       |       ||     2
       Invisible         |       |       |     1 ||     1
Armor: Robe              |     1 |       |       ||     1
       Chain mail        |    34 |   125 |   157 ||   316
       Leather armour    |     9 |       |       ||     9
Dodge: Dodged            |    39 |    31 |    58 ||   128
Block: Kite shield       |    14 |    68 |   149 ||   231

Table legend: (Time is in decaauts)
 A = Elapsed time spent in this place.
 B = Non-inter-level travel time spent in this place.
 C = Inter-level travel time spent in this place.
 D = Time resting spent in this place.
 E = Time spent auto-exploring this place.
 F = Levels seen in this place.
 G = Mean time per level.
                   A        B        C        D        E       F      G
               +--------+--------+--------+--------+--------+-----+--------+
         Total |   7517 |   6774 |    743 |    353 |   4925 |   6 | 1252.8 |
       Dungeon |   7517 |   6774 |    743 |    353 |   4925 |   6 | 1252.8 |
               +--------+--------+--------+--------+--------+-----+--------+

Top non-repeatable levels by time:
     D:6: 2037 daAuts
     D:2: 1794 daAuts
     D:3: 1138 daAuts
     D:4: 1031 daAuts
     D:1: 976 daAuts
     D:5: 539 daAuts
